Map: Золотая стена РВ

Players

Dolmatt - Winner!

  • Race: Terran Terran
  • League: Diamond
  • Spawn Location: 5:00

ГрязныйЧизер

  • Race: Protoss Protoss
  • Spawn Location: 7:00

VOD

Have the link to the VOD?

Description

Time

  • Played on: April 10, 2020, 1:54 a.m.
  • Length: 11:08
Show
View Real Time Build Order
Export as new Build Order

Dolmatt Terran - Winner!

Build Orders:  

Get SALT Encoding   

  12  0:01  SCV  
  13  0:13  SCV  
  14  0:18  Supply Depot  
  14  0:25  SCV  
  15  0:32  Refinery  
  15  0:40  SCV  
  16  0:46  Barracks  
  16  0:52  SCV  
  17  1:04  SCV  
  17  1:08  Refinery  
  18  1:16  SCV  
  19  1:28  SCV  
  20  1:43  Orbital Command  
  20  1:44  Reaper  
  21  1:59  Command Center  
  21  2:10  Factory  
  21  2:14  SCV  
  22  2:17  Barracks Reactor  
  22  2:29  Supply Depot  
  22  2:33  SCV  
  23  2:38  Bunker  
  22  2:46  SCV  
  23  2:54  Factory Tech Lab  
  23  2:55  Marine x2  
  25  3:00  Starport  
  23  3:13  Marine x2  
  23  3:16  Cyclone  
  26  3:28  SCV  
  26  3:33  Supply Depot  
  27  3:40  SCV  
  28  3:47  Starport Tech Lab  
  28  3:49  Barracks  
  28  3:59  Marine x2  
  30  4:05  SCV  
  30  4:08  Supply Depot  
  31  4:14  Orbital Command  
  31  4:17  Cyclone  
  31  4:18  SCV  
  35  4:29  Marine x2  
  35  4:30  SCV  
  38  4:33  Raven  
  39  4:42  SCV  
  39  4:54  SCV  
  37  5:06  SCV  
  33  5:20  Barracks Tech Lab  
  33  5:29  SCV x2  
  35  5:41  SCV x2  
  36  5:53  SCV x2  
  36  5:55  Engineering Bay  
  38  5:57  Stimpack  
  38  6:05  SCV x2  
  41  6:25  SCV x2  
  41  6:29  Missile Turret  
  41  6:30  Refinery  
  42  6:32  Refinery  
  42  6:34  Widow Mine  
  42  6:37  SCV  
  42  6:38  SCV, Marine x2  
  48  6:41  Marauder  
  50  6:49  SCV  
  50  6:50  SCV  
  51  6:56  Marine x2  
  52  7:02  SCV x2  
  49  7:14  SCV x2, Marine x2  
  52  7:21  Widow Mine  
  49  7:26  SCV  
  49  7:27  SCV  
  47  7:30  Marine  
  47  7:32  Marine x2  
  49  7:38  SCV  
  49  7:39  SCV  
  49  7:42  Widow Mine  
  49  7:43  Medivac  
  54  7:48  Marine  
  54  7:49  Marine  
  54  7:50  SCV, Marine  
  58  7:52  SCV  
  52  8:00  Combat Shield  
  52  8:02  SCV  
  52  8:04  SCV, Widow Mine  
  49  8:06  Marine  
  49  8:07  Marine x2  
  47  8:13  Medivac  
  48  8:24  Marine  
  45  8:34  Marine x2  
  45  8:39  Cyclone  
  45  8:40  SCV x2  
  50  8:41  Marine  
  50  8:43  Medivac  
  50  8:45  Supply Depot  
  53  8:52  SCV x2, Marine x2  
  57  8:59  Marine  
  58  9:04  SCV x2  
  58  9:09  Terran Infantry Weapons Level 1  
  60  9:10  Marine x2  
  60  9:11  Widow Mine  
  60  9:16  SCV  
  64  9:17  Marine  
  64  9:19  Concussive Shells  
  62  9:27  Marine  
  62  9:28  Marine  
  62  9:29  Missile Turret  
  64  9:34  Missile Turret  
  64  9:35  SCV, Marine  
  64  9:36  SCV  
  64  9:37  Missile Turret  
  67  9:45  Marine x2  
  66  9:53  Marine  
  67  10:03  Marine x2  
  69  10:08  SCV  
  70  10:28  Supply Depot x2  
  70  10:29  Supply Depot  
  70  10:30  Supply Depot x2, Marine x3  
  70  10:31  SCV x2  
  70  10:33  Supply Depot  
  75  10:36  Barracks  
  75  10:38  Barracks  
  75  10:44  SCV x2  
  75  10:48  Marine x3  
  78  10:59  Command Center  
Show
View Real Time Build Order
Export as new Build Order

ГрязныйЧизер Protoss 

Build Orders:  

Get SALT Encoding   

  12  0:11  Probe (Chrono Boost)  
  13  0:16  Pylon  
  13  0:17  Probe (Chrono Boost)  
  14  0:34  Gateway  
  14  0:39  Assimilator  
  14  0:42  Probe  
  15  0:54  Probe  
  16  1:17  Gateway  
  17  1:28  Probe, Assimilator  
  17  1:32  Cybernetics Core  
  17  1:40  Probe  
  17  1:46  Pylon  
  18  1:56  Probe  
  19  2:07  Adept x2 (Chrono Boost)  
  19  2:14  Warp Gate  
  19  2:15  Probe  
  24  2:23  Robotics Facility  
  24  2:27  Probe  
  25  2:39  Probe  
  26  2:51  Probe, Gateway  
  26  2:54  Pylon  
  27  3:00  Stalker  
  29  3:22  Warp Prism (Chrono Boost)  
  27  4:18  Nexus  
  27  4:29  Stalker x3  
  33  4:52  Stalker x3  
  27  5:12  Immortal  
  31  5:14  Pylon  
  31  5:19  Gateway  
  31  5:28  Probe  
  32  5:31  Stalker x2  
  32  6:05  Twilight Council  
  32  6:23  Gateway  
  32  6:24  Probe x2  
  34  6:37  Stalker x2  
  34  6:38  Stalker x2  
  42  6:42  Probe  
  42  6:43  Probe  
  42  7:05  Stalker x2  
  42  7:06  Stalker  
  46  7:26  Stalker x2  
  50  7:44  Immortal  
  50  7:46  Stalker x3  
  38  8:14  Stalker x2  
  38  8:15  Stalker x2  
  42  8:33  Stalker  
  38  8:48  Dark Shrine  
  38  8:52  Immortal  
  42  9:08  Stalker x3  
  48  9:15  Stalker x2  
  29  10:07  Stalker  
  31  10:09  Dark Templar x2  
  35  10:26  Probe x2  
  37  10:34  Warp Prism (Chrono Boost)  
  39  10:38  Probe x2  
  41  10:50  Probe x2  
Tags
 
Add a new tag
Caveats
  • Supply blocks, unpowered buildings, or Contaminate may cause inaccurate times.
  • Supply counts are checked every 10 seconds.